 Dungeon Crawl Stone Soup version 0.22-a0-298-g92d99f377c (webtiles) character file.

60347 Infinimo the Earth Mage (level 14, -12/87 HPs)
             Began as a Gargoyle Earth Elementalist on Mar 25, 2018.
             Was a High Priest of Vehumet.
             Mangled by an orc knight
             ... wielding a +0 war axe
              (18 damage)
             ... on level 11 of the Dungeon.
             The game lasted 00:56:06 (26864 turns).

Infinimo the Earth Mage (GrEE)                     Turns: 26864, Time: 00:56:06

Health: -12/87     AC: 15    Str: 12    XL:     14   Next: 99%
Magic:  10/44      EV: 12    Int: 21    God:    Vehumet [*****.]
Gold:   654        SH:  5    Dex: 10    Spells: 13/36 levels left

rFire    + + .     SeeInvis +   O - staff of power
rCold    + . .     Gourm    .   y - +0 buckler
rNeg     + . .     Faith    +   c - +0 robe
rPois    ∞         Spirit   .   G - +0 helmet
rElec    +         Reflect  .   A - scarf {rC+ rF+}
rCorr    .         Harm     .   (no gloves)
MR       +....                  n - +1 pair of boots
Stlth    ++........             w - amulet of faith
HPRegen  0.24/turn              H - ring of protection from fire
MPRegen  0.29/turn              k - ring of see invisible

@: about to teleport, flying
A: big wings, negative energy resistance 1, electricity resistance, unbreathing,
petrification resistance, rot immunity, AC +10
a: Stop Flying, Renounce Religion


You were on level 11 of the Dungeon.
You worshipped Vehumet.
Vehumet was extremely pleased with you.
You were very hungry.

You visited 2 branches of the dungeon, and saw 17 of its levels.
You also visited: Ossuary.

You collected 1079 gold pieces.
You spent 425 gold pieces at shops.

Inventory:

Missiles
 h - 116 stones (quivered)
Armour
 c - a +0 robe (worn)
 n - a +1 pair of boots (worn)
 y - a +0 buckler (worn)
 A - a scarf of resistance (worn)
 G - a +0 helmet (worn)
Magical Staves
 O - an uncursed staff of power (weapon)
Jewellery
 g - an uncursed ring of resist corrosion
 k - a ring of see invisible (right hand)
 w - an amulet of faith (around neck)
 D - an uncursed ring of protection from cold
 H - a ring of protection from fire (left hand)
Wands
 C - a wand of acid (15)
 I - a wand of iceblast (21)
 K - a wand of digging (14)
Scrolls
 a - 3 scrolls of identify
 f - 5 scrolls of enchant armour
 i - 6 scrolls of teleportation
 l - 5 scrolls of amnesia
 m - 10 scrolls of remove curse
 o - a scroll of blinking
 B - 6 scrolls of enchant weapon
Potions
 e - 4 potions of might
 j - 8 potions of lignification
 p - 2 potions of flight
 q - 5 potions of heal wounds
 r - 7 potions of curing
 s - 3 potions of brilliance
 t - 3 potions of ambrosia
 u - a potion of berserk rage {unknown}
 v - a potion of agility
 x - 5 potions of haste
 z - 3 potions of mutation
 J - a potion of resistance
Comestibles
 b - 8 chunks of flesh
 d - 25 rations


   Skills:
 + Level 9.8 Fighting
 - Level 1.5 Dodging
 - Level 2.1 Stealth
 - Level 5.7 Shields
 + Level 11.6 Spellcasting
 + Level 11.2 Conjurations
 - Level 6.0 Charms
   Level 0.7 Transmutations
 * Level 18.7 Earth Magic


You had 13 spell levels left.
You knew the following spells:

 Your Spells              Type           Power        Failure   Level  Hunger
a - Sandblast             Erth           ######       0%          1    None
b - Stone Arrow           Conj/Erth      ######       1%          3    None
c - Lee's Rapid Deconstr  Erth           ######....   1%          5    ####...
d - Magic Dart            Conj           ####         1%          1    None
e - Sticky Flame          Conj/Fire      #####...     1%          4    #......
f - Regeneration          Chrm/Necr      ###.......   4%          3    None
g - Iron Shot             Conj/Erth      ######....   1%          6    ######.


Dungeon Overview and Level Annotations

Branches:
Dungeon (11/15)            Temple (0/1) D:5            Lair (6/6) D:9
  Swamp (0/4) Lair:4        Snake (0/4) Lair:3        Slime (0/5) Lair:6
    Orc: D:9-12

Altars:
Dithmenos
Hepliaklqana
Makhleb
Nemelex Xobeh
Ru
Vehumet
Wu Jian
Xom
The Shining One
Jiyva

Shops:
D:7 :   D:9 (=*=

Portals:
Hell: Lair:6


Innate Abilities, Weirdness & Mutations

You are resistant to torment.
Your stone body is resilient. (AC +10)
You are immune to poison.
Your large and strong wings let you fly indefinitely.
You resist negative energy. (rN+)
You are resistant to electric shocks. (rElec)
You can survive without breathing.
You are immune to petrification.
You are immune to rotting.


Message History

Aim: a seven-headed hydra (moderately wounded)
The iron shot misses the seven-headed hydra.
You are feeling very hungry.
The seven-headed hydra bites you. The seven-headed hydra bites you!
The seven-headed hydra bites you. The seven-headed hydra bites you!
You block the seven-headed hydra's attack.
The seven-headed hydra bites you. x3
The orc knight shouts!
The orc knight hits you with a war axe!!
As you read the scroll of teleportation, it crumbles to dust.
You feel strangely unstable. The seven-headed hydra bites you.
You block the seven-headed hydra's attack.
The seven-headed hydra bites you!
* * * LOW HITPOINT WARNING * * *
You block the seven-headed hydra's attack.
The seven-headed hydra bites you!
* * * LOW HITPOINT WARNING * * *
The orc knight hits you with a war axe!!
You die...

..##...##..........#
..#.#.#...........#
#.##.##...........#
#..#.#............#
#..#÷#............#
#...#.............#
#######...#.............#
...........o..............
..........@D..............
#########################


You could see a seven-headed hydra and an orc knight.

Vanquished Creatures
  An azure jelly (Lair:6)
  A dire elephant (Lair:6)
  2 centaur warriors (D:11)
  3 hydras
  A hell beast (Lair:6)
  A catoblepas (Lair:4)
  2 two-headed ogres (D:8)
  Erica (Lair:1)
  An unseen horror (D:11)
  A wizard (Lair:6)
  The ghost of Slothtographer the Frost Mage, a novice VSIE of Ru (Lair:1)
  3 black mambas
  9 elephants
  An orange demon (Lair:6)
  12 spiny frogs
  5 rime drakes
  2 kobold demonologists (D:7)
  4 ice devils (Lair:6)
  10 komodo dragons
  A hellwing (Lair:6)
  A red devil (Lair:6)
  A polar bear (Lair:6)
  A tyrant leech (Lair:4)
  Grinder (D:3)
  39 blink frogs
  2 trolls
  Prince Ribbit (Lair:1)
  12 hippogriffs
  5 dream sheep (Lair:6)
  2 wyverns
  64 yaks
  A wraith (D:10)
  A hungry ghost (D:11)
  5 basilisks
  A vampire mosquito (D:8)
  14 water moccasins
  6 hell hounds
  8 porcupines
  A sky beast (D:7)
  3 black bears
  An orc warrior (D:9)
  4 ice beasts
  6 ogres
  2 phantoms
  A centaur (D:5)
  5 wolves (Lair:4)
  15 crocodiles
  A big kobold (D:9)
  19 bullfrogs
  3 elf zombies (Ossuary)
  A wyvern skeleton (D:8)
  5 scorpions
  13 killer bees
  3 electric eels
  6 howler monkeys
  7 crimson imps
  2 quasits
  5 hounds
  3 human zombies (Ossuary)
  9 orc priests
  Crazy Yiuf (D:4)
  6 centaur zombies (Ossuary)
  A gnoll shaman (D:7)
  3 iron imps (D:3)
  12 orc wizards
  A bullfrog skeleton (D:6)
  4 iguanas
  Natasha (thrice) (D:3)
  3 centaur skeletons
  9 worker ants
  7 hell rats (Lair:6)
  3 hound skeletons
  3 mummies (Ossuary)
  9 gnolls
  14 adders
  5 shadow imps
  5 oozes
  3 adder zombies
  3 adder skeletons
  2 dart slugs
  4 worms
  5 leopard geckos
  33 orcs
  2 ball pythons
  5 giant cockroaches
  10 goblins
  7 hobgoblins
  10 jackals
  12 kobolds
  7 quokkas
  10 bats
  9 frilled lizards
  A hobgoblin zombie (D:5)
  A jackal skeleton (D:7)
  A jackal zombie (D:7)
  A quokka zombie (D:7)
  7 rats
  A rat zombie (D:5)
565 creatures vanquished.

Vanquished Creatures (others)
  A centaur warrior (D:10)
  A two-headed ogre (D:10)
  A troll (D:10)
  An ogre (D:10)
  A hound (D:10)
  13 fungi
  A plant (Lair:6)
19 creatures vanquished.

Grand Total: 584 creatures vanquished

Notes
Turn   | Place    | Note
-------+----------+-------------------------------------------
     0 | D:1      | Infinimo the Gargoyle Earth Elementalist began the quest for the Orb.
     0 | D:1      | Reached XP level 1. HP: 10/10 MP: 3/3
   111 | D:1      | Reached XP level 2. HP: 16/16 MP: 0/5
   140 | D:1      | Reached skill level 4 in Earth Magic
   329 | D:1      | Reached skill level 1 in Fighting
   589 | D:1      | Reached XP level 3. HP: 19/20 MP: 1/6
   594 | D:1      | Learned a level 3 spell: Stone Arrow
  1044 | D:2      | Reached XP level 4. HP: 25/25 MP: 3/7
  1152 | D:2      | Reached skill level 5 in Earth Magic
  1156 | D:2      | Found a faded altar of an unknown god.
  1317 | D:2      | Reached XP level 5. HP: 30/30 MP: 9/9
  1767 | D:3      | Found an ornate altar of the Wu Jian Council.
  2087 | D:3      | Noticed Natasha
  2092 | D:3      | Reached skill level 1 in Conjurations
  2099 | D:3      | Killed Natasha
  2099 | D:3      | Reached skill level 6 in Earth Magic
  2099 | D:3      | Reached XP level 6. HP: 36/36 MP: 1/10
  2317 | D:3      | Noticed Natasha
  2324 | D:3      | Killed Natasha
  2464 | D:3      | Noticed Natasha
  2469 | D:3      | Killed Natasha
  2611 | D:3      | Found a burning altar of Makhleb.
  2747 | D:3      | Reached XP level 7. HP: 41/41 MP: 8/12
  2933 | D:4      | Found a sparkling altar of Nemelex Xobeh.
  3087 | D:4      | Found a radiant altar of Vehumet.
  3094 | D:4      | Became a worshipper of Vehumet
  3151 | D:4      | Noticed Grinder
  3154 | D:4      | Reached skill level 7 in Earth Magic
  3260 | D:3      | Paralysed by Grinder for 7 turns
  3503 | D:4      | Found a runed door.
  3518 | D:4      | Got a blackened mace
  3614 | D:3      | Paralysed by Grinder for 6 turns
  3630 | D:3      | Killed Grinder
  3630 | D:3      | Reached XP level 8. HP: 48/48 MP: 0/14
  4144 | D:4      | Noticed Crazy Yiuf
  4146 | D:4      | Killed Crazy Yiuf
  4156 | D:4      | Identified the +0 mace "Xanoitaf" {holy, Dex+5} (You found it on level 4 of the Dungeon)
  4182 | D:4      | Learned a level 5 spell: Lee's Rapid Deconstruction
  4200 | D:5      | Entered Level 5 of the Dungeon
  4206 | D:5      | Found a hazy altar of Hepliaklqana.
  4219 | D:5      | Found a staircase to the Ecumenical Temple.
  4221 | D:5      | Reached skill level 8 in Earth Magic
  4520 | D:5      | Reached * piety under Vehumet
  4520 | D:5      | Offered knowledge of Freeze by Vehumet.
  4656 | D:5      | Found a sand-covered staircase.
  4669 | Ossuary  | Entered an ossuary
  4982 | Ossuary  | Reached skill level 5 in Fighting
  5106 | Ossuary  | Reached skill level 9 in Earth Magic
  5249 | Ossuary  | Reached skill level 5 in Spellcasting
  5404 | Ossuary  | Reached XP level 9. HP: 50/54 MP: 16/16
  5551 | D:5      | Reached skill level 5 in Conjurations
  6084 | D:5      | Got a faintly glowing chain mail
  6095 | D:5      | Identified the cursed +0 chain mail of Wrong Decisions {Str+5} (You found it on level 5 of the Dungeon)
  6132 | D:6      | Reached skill level 1 in Shields
  6173 | D:6      | Reached skill level 10 in Earth Magic
  6245 | D:6      | Found a sacrificial altar of Ru.
  6523 | D:6      | Reached ** piety under Vehumet
  6523 | D:6      | Offered knowledge of Magic Dart by Vehumet.
  6631 | D:6      | Learned a level 1 spell: Magic Dart
  7357 | D:7      | Noticed a kobold demonologist
  7361 | D:7      | Found a transporter.
  7378 | D:7      | Noticed a kobold demonologist
  7384 | D:7      | Found a transporter.
  7532 | D:6      | Offered knowledge of Throw Flame by Vehumet.
  7654 | D:7      | Found a glowing golden altar of the Shining One.
  7812 | D:7      | Reached skill level 11 in Earth Magic
  7939 | D:7      | Reached XP level 10. HP: 59/59 MP: 9/19
  8171 | D:7      | Reached *** piety under Vehumet
  8235 | D:7      | Got a bloodstained falchion {venom}
  8293 | D:7      | Identified the cursed +1 falchion "Timmopai" {venom, +Rage MR+} (You took it off an orc on level 7 of the Dungeon)
  8303 | D:7      | Reached skill level 5 in Shields
  8303 | D:7      | Reached skill level 12 in Earth Magic
  8303 | D:7      | Reached XP level 11. HP: 64/64 MP: 19/23
  8565 | D:7      | Found Plog's Book Emporium.
  9184 | D:8      | Offered knowledge of Sticky Flame by Vehumet.
  9185 | D:8      | Noticed a two-headed ogre
  9229 | D:8      | Killed a two-headed ogre
  9229 | D:8      | Reached skill level 13 in Earth Magic
  9235 | D:8      | Learned a level 4 spell: Sticky Flame
  9471 | D:8      | Identified the Tome of Boosting Orientation
  9809 | D:8      | Reached **** piety under Vehumet
  9982 | D:8      | Offered knowledge of Irradiate by Vehumet.
  9984 | D:8      | Noticed a two-headed ogre
  9994 | D:8      | Killed a two-headed ogre
 10154 | D:8      | Found a shadowy altar of Dithmenos.
 11257 | D:9      | Found Voato's Antique Weapon Shoppe.
 11264 | D:9      | Bought an encrusted rapier for 225 gold pieces
 11264 | D:9      | Bought a crude short sword for 200 gold pieces
 11264 | D:9      | Identified the +11 rapier of the Land of Plenty {pierce, rC+ Dex+3} (You bought it in a shop on level 9 of the Dungeon)
 11265 | D:9      | Identified the +8 short sword of Wondrous Power {pain, rC+ rN+ MR-} (You bought it in a shop on level 9 of the Dungeon)
 11297 | D:9      | Found Cavvufal's Jewellery Boutique.
 11481 | D:9      | Found Dunaz's Jewellery Shop.
 11484 | D:9      | Found Vimirea's Assorted Antiques.
 11604 | D:9      | Found a staircase to the Lair.
 11833 | D:10     | Entered Level 10 of the Dungeon
 11837 | D:10     | Reached ***** piety under Vehumet
 11840 | D:10     | Killed a centaur warrior
 11859 | D:10     | Killed a two-headed ogre
 11860 | D:10     | Offered knowledge of Fulminant Prism by Vehumet.
 12008 | D:10     | Reached skill level 14 in Earth Magic
 12429 | D:10     | Reached skill level 10 in Conjurations
 12561 | D:10     | Reached XP level 12. HP: 68/68 MP: 12/25
 12842 | D:10     | Found a shimmering altar of Xom.
 13700 | Lair:1   | Entered Level 1 of the Lair of Beasts
 13840 | Lair:1   | Noticed Slothtographer's ghost (novice VSIE)
 14161 | Lair:1   | Killed Slothtographer's ghost
 14404 | Lair:1   | Noticed Prince Ribbit
 14406 | Lair:1   | Killed Prince Ribbit
 14412 | Lair:1   | Reached skill level 15 in Earth Magic
 14431 | Lair:1   | Noticed Erica
 14542 | Lair:1   | Killed Erica
 15803 | Lair:1   | Learned a level 3 spell: Regeneration
 15973 | Lair:2   | Offered knowledge of Iron Shot by Vehumet.
 15981 | Lair:2   | Learned a level 6 spell: Iron Shot
 16371 | Lair:2   | Reached skill level 1 in Charms
 16504 | Lair:2   | Identified the Grimoire of Venom and the Mountains
 16542 | Lair:2   | Reached skill level 10 in Spellcasting
 17008 | Lair:3   | Noticed a five-headed hydra
 17012 | Lair:3   | Killed a five-headed hydra
 17012 | Lair:3   | Reached skill level 16 in Earth Magic
 17012 | Lair:3   | Reached XP level 13. HP: 75/75 MP: 22/27
 17238 | Lair:3   | Found a staircase to the Snake Pit.
 18237 | Lair:3   | Identified a scroll of acquirement
 19805 | Lair:4   | Found a staircase to the Swamp.
 20414 | Lair:5   | Reached skill level 17 in Earth Magic
 20603 | Lair:5   | Got a scintillating platinum amulet
 21343 | Lair:5   | Identified the amulet of Reimbursement {Spirit MP+9 Str+2} (You found it on level 5 of the Lair of Beasts)
 21401 | Lair:6   | Entered Level 6 of the Lair of Beasts
 22095 | Lair:6   | Gained mutation: Your large and strong wings let you fly indefinitely. [Gargoyle growth]
 22095 | Lair:6   | Reached XP level 14. HP: 70/84 MP: 2/28
 22355 | Lair:6   | Offered knowledge of Bolt of Fire by Vehumet.
 22579 | Lair:6   | Found a runed door.
 22580 | Lair:6   | Found a viscous altar of Jiyva.
 22580 | Lair:6   | Noticed an azure jelly
 22582 | Lair:6   | Found a staircase to the Slime Pits.
 22597 | Lair:6   | Killed an azure jelly
 22704 | Lair:6   | Reached skill level 5 in Charms
 23745 | Lair:6   | Reached skill level 18 in Earth Magic
 24747 | Lair:6   | Found a burning altar of Makhleb.
 25108 | Lair:6   | Offered knowledge of Bolt of Cold by Vehumet.
 25241 | Lair:6   | Noticed a dire elephant
 25248 | Lair:6   | Killed a dire elephant
 25615 | Lair:6   | Found a gateway to Hell.
 25871 | Lair:6   | Got a polished long sword
 25872 | Lair:6   | Identified the +8 long sword of Trog's Righteous Anger {slice, rElec Str-4 Dex+9} (You found it on level 6 of the Lair of Beasts)
 26864 | D:11     | Mangled by an orc knight

Vault maps used:
D:1:      scummos_arrival_star
D:2:      chequers_ecumenical_altar_island
D:3:      demons_altar, nicolae_overflow_hidden_temple, st_stairs_9,
          uniq_natasha
D:4:      lemuel_round_altar, lemuel_crystal_altar, uniq_grinder,
          uniq_crazy_yiuf_cottage
D:5:      kennysheep_mini, minmay_temple_entry_butterflies, first_ration,
          enter_ossuary_3
D:6:      nicolae_ru_sacrificial_ziggurat
D:7:      gammafunk_wand_slinger, tso_altar, serial_shops, nicolae_shop_stone
D:8:      wad_guarded_room, grunt_dithmenos_smoke_and_mirrors, grunt_ogre_cave
D:9:      minmay_lair_entry_lava, serial_shops, shop, nicolae_shop_statue_plus,
          shop_statue, shop, fountainhead
D:10:     kennysheep_crisscross, xom_confusion_cloud
D:11:     minmay_the_grid_four_pointed_star, orc_0_dummy, serial_shops,
          kennysheep_mini_moat, serial_park_tiny_1
Lair:1:   grunt_megastairs_1, uniq_prince_ribbit2, uniq_erica
Lair:3:   guppyfry_snake_entry_island
Lair:4:   minmay_swamp_entry_worms
Lair:5:   serial_bayou_shore_b, grunt_megastairs_5, infiniplex_staircase_pool_2
Lair:6:   evil_forest, slime_altar_2, patterned_corridor
Ossuary:  ossuary_minmay_four_chambers

Skill      XL: |  1  2  3  4  5  6  7  8  9 10 11 12 13 14 |
---------------+-------------------------------------------+-----
Earth Magic    | 4 5 6 7 9 11 12 14 16 17 18 | 18.7
Fighting       | 1 2 3 4 5 6 8 9 |  9.8
Spellcasting   | 3 4 5 6 8 9 10 11 | 11.6
Conjurations   | 1 2 3 4 6 8 10 11 | 11.2
Shields        | 3 5 |  5.7
Charms         | 1 4 6 |  6.0
Dodging        | |  1.5
Stealth        | |  2.1
Transmutations | |  0.7

Action                   |  1- 3 |  4- 6 |  7- 9 | 10-12 | 13-15 || total
-------------------------+-------+-------+-------+-------+-------++-------
Melee: Short sword       |    19 |    43 |    21 |       |       ||    83
       Mace              |       |       |    95 |    29 |       ||   124
       Rapier            |       |       |       |    34 |       ||    34
       Staff             |       |       |       |       |    16 ||    16
 Cast: Sandblast         |    46 |    64 |    44 |       |       ||   154
       Stone Arrow       |       |     6 |   137 |   304 |   423 ||   870
       Magic Dart        |       |       |    46 |   218 |    85 ||   349
       Sticky Flame      |       |       |       |     4 |       ||     4
       Iron Shot         |       |       |       |     1 |   120 ||   121
       Regeneration      |       |       |       |     1 |       ||     1
 Abil: Fly               |       |       |       |       |     1 ||     1
  Use: Scroll            |       |       |    12 |    10 |    13 ||    35
       Potion            |       |       |       |     1 |       ||     1
 Stab: Sleeping          |     1 |     3 |       |       |       ||     4
  Eat: Chunk             |       |     7 |    12 |    22 |    44 ||    85
       Ration            |       |       |     3 |     2 |     7 ||    12
Armor: Robe              |     8 |    19 |   112 |    86 |   110 ||   335
Dodge: Dodged            |    39 |    43 |   124 |   119 |   158 ||   483
Block: Buckler           |       |       |    15 |    59 |    68 ||   142

Table legend:
 A = Spawn XP
 B = Non-spawn XP
 C = Spawn XP percentage of total XP
 D = Spawn monster count
 E = Non-spawn monster count
 F = Spawn count percentage of total count
 G = Total turns spent on level
                    A         B        C        D         E        F      G
               +---------+---------+-------+---------+---------+-------+---------
         Total |       0 |   81229 |   0.0 |       0 |     565 |   0.0 | 26864
               +---------+---------+-------+---------+---------+-------+---------
           D:1 |       0 |      48 |   0.0 |       0 |      25 |   0.0 |   762
           D:2 |       0 |     118 |   0.0 |       0 |      27 |   0.0 |   885
           D:3 |       0 |     803 |   0.0 |       0 |      44 |   0.0 |  1563
           D:4 |       0 |     343 |   0.0 |       0 |      25 |   0.0 |   990
           D:5 |       0 |     992 |   0.0 |       0 |      22 |   0.0 |  1061
           D:6 |       0 |    1181 |   0.0 |       0 |      28 |   0.0 |  1517
           D:7 |       0 |    1844 |   0.0 |       0 |      31 |   0.0 |  1426
           D:8 |       0 |    3675 |   0.0 |       0 |      31 |   0.0 |  1661
           D:9 |       0 |    1388 |   0.0 |       0 |      28 |   0.0 |  1553
          D:10 |       0 |    4284 |   0.0 |       0 |      37 |   0.0 |  1785
          D:11 |       0 |    5332 |   0.0 |       0 |      24 |   0.0 |   553
        Lair:1 |       0 |    7361 |   0.0 |       0 |      29 |   0.0 |  1950
        Lair:2 |       0 |    4170 |   0.0 |       0 |      20 |   0.0 |  1380
        Lair:3 |       0 |    6091 |   0.0 |       0 |      23 |   0.0 |  1372
        Lair:4 |       0 |    7470 |   0.0 |       0 |      35 |   0.0 |  1557
        Lair:5 |       0 |    9460 |   0.0 |       0 |      34 |   0.0 |  2683
        Lair:6 |       0 |   25940 |   0.0 |       0 |      87 |   0.0 |  3297
       Ossuary |       0 |     729 |   0.0 |       0 |      15 |   0.0 |   869
               +---------+---------+-------+---------+---------+-------+---------
